 Dungeon Sprint DCSS version 0.17-a0-2122-g03d97ec (webtiles) character file.

650 Ordine the Basher (level 7, -4/69 HPs)
             Began as a Minotaur Fighter on Oct 21, 2015.
             Was a Believer of Makhleb.
             Slain by a hill giant
             ... wielding a +0 giant club
              (37 damage)
             ... in the Dungeon (Sprint IX: "|||||||||||||||||||||||||||||").
             The game lasted 00:02:45 (416 turns).

Ordine the Basher (Minotaur Fighter)                 Turns: 416, Time: 00:02:45

Health: -4/69      AC: 12    Str: 21    XL:     7   Next: 28%
Magic:  6/6        EV: 13    Int:  5    God:    Makhleb [**....]
Gold:   0          SH:  0    Dex: 11    Spells: 0 memorised, 6 levels left

rFire  . . .     SeeInvis .     p - +2 dire flail (crush)
rCold  . . .     Clarity  .     q - +2 ring mail
rNeg   . . .     SustAt   .     (no shield)
rPois  .         Gourm    .     (helmet restricted)
rElec  .         Spirit   .     (no cloak)
rCorr  .         Warding  .     (no gloves)
rMut   .         NoTele   +     (no boots)
MR     .....                    (no amulet)
Stlth  +.........               b - +2 ring of protection
                                a - +2 ring of protection

@: very slightly contaminated, hasted, very quick, not resistant to hostile
enchantments, very unstealthy
A: retaliatory headbutt, horns 2
a: Minor Destruction, Renounce Religion


You were in the Dungeon.
You worshipped Makhleb.
Makhleb was pleased with you.
You were not hungry.

You visited 1 branch

Inventory:

Hand Weapons
 p - a +2 dire flail of crushing (weapon)
Armour
 q - a +2 ring mail (worn)
Jewellery
 a - a +2 ring of protection (left hand)
 b - a +2 ring of protection (right hand)
Wands
 o - a wand of fire (7)
Scrolls
 k - 2 scrolls of blinking
 m - 3 scrolls of remove curse
 n - 2 scrolls of amnesia
Potions
 d - a potion of might
 f - 5 potions of curing
 i - 4 potions of magic
 l - 2 potions of heal wounds
Comestibles
 e - a bread ration
 g - 3 chunks of flesh


   Skills:
 + Level 8.6 Fighting
 - Level 14.3 Maces & Flails
 + Level 7.2 Armour
 + Level 5.5 Dodging
   Level 3.6 Shields


You had 6 spell levels left.
You didn't know any spells.

Dungeon Overview and Level Annotations

Branches:
Dungeon (1/1)

Altars:
Cheibriados
Dithmenos
Elyvilon
Fedhas
Gozag
Kikubaaqudgha
Makhleb
Nemelex Xobeh
Okawaru
Qazlal
Ru
Sif Muna
Trog
Vehumet
Xom
Yredelemnul
Zin
The Shining One
Beogh
Jiyva
Lugonu


Innate Abilities, Weirdness & Mutations

You reflexively headbutt those who attack you in melee.
You have a pair of horns on your head.


Message History

The giant frog is heavily wounded.
You hit the giant frog. Your headbutt misses the giant frog.
The giant frog is severely wounded.
The giant frog hits you.
You sock the giant frog!
You kill the giant frog!
Makhleb accepts your kill.
Your Armour skill increases to level 7!
The hill giant hits you with a giant club!!
There is an open door, spattered with blood here.
You see here a giant frog corpse.
You impale the hill giant!! Your headbutt misses the hill giant.
The hill giant is moderately wounded.
You bludgeon the hill giant!!
The hill giant is severely wounded.
You sock the hill giant! You headbutt the hill giant.
The hill giant is almost dead.
The hill giant hits you with a giant club!!!
Ouch! That really hurt!
You die...

▓.▓
▓†▓
▓)▓
▓.▓
▓.▓
▓.▓
▓.▓
▓.▓
▓@▓
▓C▓
▓O▓
▓K▓
▓.▓
▓o▓
▓.▓
▓+▓


You could see a hill giant, an orc warrior, a big kobold and an ogre.

Vanquished Creatures
  A yak (D)
  A sky beast (D)
  A black bear (D)
  A phantom (D)
  A big kobold (D)
  A giant frog (D)
  A jelly (D)
  A worker ant (D)
  2 gnolls (D)
  A worm (D)
  An orc (D)
  2 goblins (D)
  A hobgoblin (D)
  A ball python (D)
  A bat (D)
17 creatures vanquished.

Notes
Turn   | Place    | Note
--------------------------------------------------------------
     0 | D        | Ordine the Minotaur Fighter began the quest for the Orb.
     0 | D        | Reached XP level 1. HP: 19/19 MP: 0/0
    12 | D        | Reached skill level 4 in Maces & Flails
    83 | D        | Noticed a sky beast
    87 | D        | Reached skill level 5 in Maces & Flails
    87 | D        | Reached XP level 2. HP: 10/26 MP: 1/1
    92 | D        | Reached skill level 6 in Maces & Flails
   101 | D        | Killed a sky beast
   101 | D        | Reached skill level 11 in Maces & Flails
   101 | D        | Reached XP level 3. HP: 22/31 MP: 2/2
   101 | D        | Reached XP level 4. HP: 27/39 MP: 3/3
   103 | D        | Reached XP level 5. HP: 32/45 MP: 4/4
   142 | D        | Found a glowing silver altar of Zin.
   142 | D        | Found a glowing golden altar of the Shining One.
   142 | D        | Found an ancient bone altar of Kikubaaqudgha.
   142 | D        | Found a basalt altar of Yredelemnul.
   142 | D        | Found a shimmering altar of Xom.
   142 | D        | Found a radiant altar of Vehumet.
   143 | D        | Found an iron altar of Okawaru.
   144 | D        | Found a burning altar of Makhleb.
   145 | D        | Found a deep blue altar of Sif Muna.
   146 | D        | Found a bloodstained altar of Trog.
   147 | D        | Found a sparkling altar of Nemelex Xobeh.
   148 | D        | Found a white marble altar of Elyvilon.
   149 | D        | Found a roughly hewn altar of Beogh.
   150 | D        | Found a viscous altar of Jiyva.
   151 | D        | Found a corrupted altar of Lugonu.
   152 | D        | Became a worshipper of Makhleb the Destroyer
   244 | D        | Found a blossoming altar of Fedhas.
   245 | D        | Found a snail-covered altar of Cheibriados.
   246 | D        | Found a shadowy altar of Dithmenos.
   247 | D        | Found a stormy altar of Qazlal.
   248 | D        | Found an opulent altar of Gozag.
   249 | D        | Found a sacrificial altar of Ru.
   296 | D        | Noticed a black bear
   296 | D        | Noticed a phantom
   296 | D        | Noticed a yak
   296 | D        | Noticed a big kobold
   296 | D        | Noticed a jelly
   296 | D        | Noticed a worker ant
   298 | D        | Killed a black bear
   298 | D        | Reached skill level 13 in Maces & Flails
   302 | D        | Killed a phantom
   302 | D        | Reached * piety under Makhleb
   302 | D        | Reached skill level 5 in Fighting
   302 | D        | Reached skill level 14 in Maces & Flails
   302 | D        | Reached XP level 6. HP: 49/57 MP: 5/5
   311 | D        | Killed a yak
   311 | D        | Reached skill level 5 in Armour
   313 | D        | Killed a big kobold
   313 | D        | Reached XP level 7. HP: 51/67 MP: 6/6
   316 | D        | Killed a jelly
   316 | D        | Reached ** piety under Makhleb
   318 | D        | Killed a worker ant
   318 | D        | Reached skill level 5 in Dodging
   407 | D        | Noticed a giant frog
   407 | D        | Noticed a hill giant
   407 | D        | Noticed an ogre
   407 | D        | Noticed a big kobold
   407 | D        | Noticed an orc warrior
   412 | D        | Killed a giant frog
   416 | D        | Slain by a hill giant

Vault maps used:
D:        linesprint

Action                   |  1- 3 |  4- 6 |  7- 9 || total
-------------------------+-------+-------+-------++-------
Melee: Flail             |    30 |     2 |       ||    32
       Dire flail        |       |    15 |    11 ||    26
  Use: Potion            |     2 |     1 |     1 ||     4
 Stab: Invisible         |       |     2 |     1 ||     3
